AoeStats
← Conscript

Lombardia

508389361Analyzed
3v3 RM · 11d ago on Sep 22, 2026· 44m 28s· 6 players
Game mode
Random Map
Map size
Normal (6 player)
Population
200
Speed
Normal
Resources
Standard
Victory
Conquest
Starting age
Dark Age
Ending age
Imperial Age
RankedLock teamsTeams togetherTeam positionsShared explorationLock speedFull tech treeHidden civsTurbo modeCheats
Victory
Defeat
🇹🇼 Bohemians · Taiwan
973
+17
🇩🇪 Britons · Germany
964
+18
🇫🇷 Britons · France
962
+18
🇨🇳 Mongols · China
1098
-22
🇨🇳 Cumans · China
956
-16
🇨🇳 Byzantines · China
941
-15
BillyBat
12:32 Feudal Age
13:58 Wheelbarrow
17:56 Castle Age
16:38 Forging
16:29 Double-Bit Axe
16:50 Horse Collar
17:54 Scale Barding Armor
18:18 Stone Mining
18:59 Loom
21:54 Heavy Plow
24:54 Bow Saw
25:18 Ballistics
25:53 Gold Mining
26:56 Hand Cart
27:46 Fletching
29:22 Bodkin Arrow
29:28 Padded Archer Armor
31:41 Gold Shaft Mining
35:30 Imperial Age
33:54 Leather Archer Armor
33:09 Man-at-Arms
35:42 Long Swordsman
35:45 Elite Longbowman
35:50 Light Cavalry
36:51 Murder Holes
37:03 Bracer
38:26 Ring Archer Armor
38:32 Iron Casting
37:58 Scale Mail Armor
39:30 Two-Man Saw
37:56 Two-Handed Swordsman
39:25 Champion
41:27 Blast Furnace
42:17 Gambesons
42:32 Squires
42:18 Arson
43:06 Conscription
43:07 Yeomen
43:46 Chain Mail Armor
43:52 Chain Barding Armor
Longoooooo
6:01 Loom
10:39 Feudal Age
12:08 Wheelbarrow
14:32 Double-Bit Axe
17:13 Horse Collar
21:01 Castle Age
20:47 Fletching
20:57 Padded Archer Armor
21:36 Elite Skirmisher
22:55 Heavy Plow
26:17 Pikeman
27:32 Town Watch
34:51 Chemistry
35:12 Murder Holes
43:22 Imperial Age
44:00 Bodkin Arrow
44:53 Leather Archer Armor
Andy
7:03 Loom
9:39 Feudal Age
14:56 Castle Age
14:20 Double-Bit Axe
19:03 Gold Mining
21:07 Fletching
23:28 Padded Archer Armor
23:50 Ballistics
23:26 Horse Collar
24:07 Bow Saw
24:34 Stone Mining
25:27 Wheelbarrow
25:08 Heavy Plow
26:44 Gold Shaft Mining
28:51 Hand Cart
32:01 Imperial Age
28:58 Elite Skirmisher
30:59 Scale Mail Armor
31:09 Forging
31:15 Leather Archer Armor
30:55 Bodkin Arrow
30:51 Pikeman
31:31 Squires
33:35 Conscription
32:43 Light Cavalry
33:25 Husbandry
34:59 Two-Man Saw
33:31 Halberdier
36:38 Yeomen
37:21 Ring Archer Armor
37:07 Chain Mail Armor
36:57 Scale Barding Armor
37:28 Iron Casting
36:54 Bracer
39:25 Crossbowman
41:59 Plate Mail Armor
41:50 Chain Barding Armor
42:30 Blast Furnace
42:48 Arbalester
Otoya Naomi
10:36 Feudal Age
14:29 Castle Age
12:31 Double-Bit Axe
12:59 Horse Collar
15:39 Bow Saw
15:31 Heavy Plow
24:51 Fletching
26:09 Husbandry
27:37 Wheelbarrow
29:36 Hand Cart
32:26 Bodkin Arrow
35:15 Imperial Age
34:28 Padded Archer Armor
36:26 Conscription
36:38 Gold Mining
37:18 Bracer
38:14 Bloodlines
38:24 Leather Archer Armor
38:08 Elite Mangudai
40:29 Ballistics
41:10 Chemistry
Conscript
11:50 Feudal Age
13:22 Double-Bit Axe
16:32 Horse Collar
21:27 Loom
28:30 Bloodlines
30:59 Castle Age
31:11 Capped Ram
35:14 Bow Saw
41:23 Wheelbarrow
40:45 Gold Mining
44:28 Imperial Age
42:32 Hand Cart
43:23 Gold Shaft Mining
五分熟煎蛋
6:28 Loom
12:37 Feudal Age
14:19 Double-Bit Axe
25:18 Castle Age
24:56 Padded Archer Armor
24:49 Fletching
26:08 Wheelbarrow
28:30 Elite Skirmisher
29:35 Leather Archer Armor
30:16 Hand Cart
31:34 Bodkin Arrow
32:18 Stone Mining
32:18 Gold Mining
32:43 Bow Saw
32:16 Horse Collar
33:57 Ballistics
38:40 Imperial Age
42:23 Conscription
44:29 Bracer
44:59 Ring Archer Armor
Connection lost

Rejoining the realm…

Still unreachable

The connection could not be restored.

Session expired

The server has moved on; the page needs a fresh start.